 Dungeon Crawl Stone Soup version 0.29.0-5-ge4962eb29e (webtiles) character file.

Game seed: 4729546925824096494

127 sanka the Insei (level 5, 0/45 HPs)
             Began as a Meteoran Delver on Aug 28, 2022.
             Succumbed to a scorpion's poison
             ... on level 4 of the Dungeon.
             The game lasted 00:01:51 (430 turns).

sanka the Insei (Meteoran Delver)                    Turns: 430, Time: 00:01:51

Health: 0/45       AC:  3    Str: 13    XL:     5   Next: 60%
Magic:  6/6        EV: 12    Int: 13    God:
Gold:   0          SH:  0    Dex: 16    Spells: 4/4 levels left

rFire   . . .      SeeInvis .     - Unarmed
rCold   . . .      Faith    .   (no shield)
rNeg    . . .      Spirit   .   a - +0 leather armour
rPois   .          Reflect  .   (no helmet)
rElec   .          Harm     .   (no cloak)
rCorr   .          Rampage  .   (no gloves)
Will    .....                   (no boots)
Stlth   +.........              (no amulet)
HPRegen 0.15/turn               (no ring)
MPRegen 0.10/turn               (no ring)

@: lethally poisoned (0 -> -19), glowing
A: sense surroundings 1, otherworldly, glowing, explore regen
a: no special abilities


You were on level 4 of the Dungeon.
You visited 1 branch of the dungeon, and saw 2 of its levels.


Innate Abilities, Weirdness & Mutations

You passively map a small area around you.
You are easily found by Zot.
You glow in the dark.
You regain HP and MP as you explore.


   Skills:
 - Level 3.2 Fighting
 - Level 2.4 Dodging
 - Level 3.7 Stealth
 + Level 6.2 Unarmed Combat


You had 4 spell levels left.
You didn't know any spells.
Your spell library was empty.

Inventory:

Armour
 a - a +0 leather armour (worn)
Wands
 f - a wand of digging (2)
Scrolls
 b - a scroll of fog
 c - 2 scrolls of magic mapping
 i - 2 scrolls of identify {unknown}

Dungeon Overview and Level Annotations

Branches:
Dungeon (5/15) Zot: 791
 Temple: D:4-7

Altars:

,~ ▒...▒ ▒.▒▒▒.▒
▒▒..▒ ▒▒▒▒.▒▒▒.▒ ~
▒..▒▒▒........▒▒▒▒▒▒▒
░
▒....................
,
▒.▒▒▒▒.▒▒.▒▒▒▒▒▒▒▒▒▒▒
, ▒.▒▒▒▒.▒▒.▒..
....£.. , ,
▒.........▒.▒ ▒▒▒▒▒▒▒
░ ,░░▒▒▒▒▒▒▒▒.▒▒▒▒.▒
▒ ▒.....p)K▒ ▒.▒ ▒
▒▒▒▒▒▒▒▒.▒ ▒.▒▒▒▒ ▒▒
▒.▒▒▒▒....▒▒ ▒.
▒......▒▒▒.▒▒ ▒.
▒▒▒▒▒.▒▒ ▒▒.▒▒▒. ▒.▒
▒..... , ░ ▒.▒░
▒.▒▒▒. ,, ▒▒. ▒.▒▒ ▒.
░ . ..▒░ ..


You could see a kobold.


Message History

The scorpion is moderately wounded.
The scorpion stings you.
* * * LOW HITPOINT WARNING * * *
You are lethally poisoned!
The scorpion poisons you! The scorpion barely misses you.
You hit the scorpion. Your punch misses the scorpion.
The scorpion is moderately wounded.
* * * LOW HITPOINT WARNING * * *
You feel very sick. The scorpion barely misses you.
Unknown command.
You punch the scorpion!
The scorpion is severely wounded.
* * * LOW HITPOINT WARNING * * *
You feel very sick. The scorpion stings you.
* * * LOW HITPOINT WARNING * * *
You are more poisoned.
The scorpion poisons you!
You hit the scorpion but do no damage.
The scorpion is severely wounded.
* * * LOW HITPOINT WARNING * * *
You feel very sick. The scorpion barely misses you.
Unknown command.
You punch the scorpion!
You kill the scorpion!
You die...

Action                   |  1- 3 |  4- 6 || total
-------------------------+-------+-------++-------
Melee: Unarmed           |    29 |    15 ||    44
       Punch             |     1 |       ||     1
Evoke: Wand              |       |     1 ||     1
  Use: Potion            |     3 |       ||     3
       Scroll            |       |     1 ||     1
Armor: Leather armour    |     7 |     3 ||    10
Dodge: Dodged            |    14 |    16 ||    30

Levels and vault maps discovered:
D:4:      layout_loops_ring, ebering_ghost_reflecting_pool, chequers_arboretum
D:5:      layout_basic, nicolae_overflow_crystal_walls, kennysheep_little_box,
          enter_ossuary_4, minmay_increasing_density, uniq_blork_the_orc,
          uniq_pikel

Notes
Turn   | Place    | Note
-------+----------+-------------------------------------------
     0 | D:5      | sanka the Meteoran Delver began the quest for the Orb.
     0 | D:5      | Reached XP level 1. HP: 19/19 MP: 2/2
    79 | D:4      | Reached skill level 3 in Unarmed Combat
    79 | D:4      | Reached XP level 2. HP: 11/26 MP: 3/3
   201 | D:4      | Noticed a jelly
   264 | D:4      | Killed a jelly
   265 | D:4      | Reached skill level 4 in Unarmed Combat
   265 | D:4      | Reached XP level 3. HP: 14/31 MP: 4/4
   265 | D:4      | Reached XP level 4. HP: 18/38 MP: 5/5
   289 | D:4      | Noticed an ogre
   353 | D:4      | Noticed a scorpion
   425 | D:4      | Killed an ogre
   426 | D:4      | Reached skill level 6 in Unarmed Combat
   426 | D:4      | Reached XP level 5. HP: 20/45 MP: 6/6
   429 | D:4      | HP: 4/45 [poisoned by a scorpion]
   430 | D:4      | Succumbed to a scorpion's poison

Vanquished Creatures
  An ogre (D:4)
  A scorpion (D:4)
  A jelly (D:4)
  An adder (D:4)
  A dart slug (D:4)
  A goblin (D:4)
  A kobold (D:4)
7 creatures vanquished.
